 BcadrenCrawl: Boulder Brew version 0.06-688-g08e91b2d95 (webtiles) character file.

Game seed: 12932513401471181212

357 Angani the Magician (level 6, -1/79 HPs) Immature Draconian Demonspawn. Began on Jan 18, 2023. Slain by a sewer rat (3 damage) ... on level 1 of the Dungeon. The game lasted 00:02:07 (1073 turns).

Angani the Magician (Immature Draconian Demonspawn) Turns: 1073, Time: 00:02:08

Health: -1/79      AC:  7    Str: 24    XL:     6 ^: 222
Magic:  13/13      EV: 12    Int: 12    God:
Gold:   33         SH:  0    Dex: 10    Spells: 14/15 levels left

rFire    . . .     Slash    +     - Unarmed
rCold    + . .     Pierce   x     - Unarmed
rNeg     . . .     Bludgeon .   (armour unavailable)
rCorr    . . .     Vision   .   (helmet restricted)
rPois    .         Gourm    .   (no cloak)
rElec    .         Faith    .   (no gloves)
MR       .....     Spirit   .   (no boots)
HPRegen  0.36/turn Reflect  .   (no amulet)
MPRegen  0.23/turn Harm     .   (no ring)
Stlth    +.........             (no ring)

@: confused, mighty, very slightly contaminated, invisible
A: cold resistance 1, deformed body 2, cold-blooded, draconic flesh, AC +7
a: Breathe Dart


You were on level 1 of the Dungeon.
You were not hungry.

You visited 1 branch of the dungeon, and saw 2 of its levels.

You collected 33 gold pieces.

Inventory:

Jewellery
 e - a cursed ring of resist corrosion {(Curse: rC-)}
 g - a cursed ring of intelligence {(Curse: MR-)}
Scrolls
 d - 2 scrolls of magic mapping
 f - a scroll of enchantment
 i - a scroll of teleportation
Comestibles
 b - a ration


   Skills:
 + Level 5.1 Fighting
 - Level 2.4 Dodging
 - Level 1.3 Stealth
 - Level 1.7 Unarmed Combat
 + Level 5.2 Spellcasting
 - Level 1.5 Fire Magic
   Level 3.0 Invocations


You had 14 spell levels left.
You knew the following spells:

 Your Spells              Type           Power        Failure   Level  Hunger
a - Flame Tongue          Fire           6 (30)       11%         1    0

Your spell library contained the following spells:

 Spells                   Type           Power        Failure   Level  Hunger
 Slow                     Hex            3 (100)      21%         1    0
 Blink Tloc N/A 30% 2 18-58 Call Imp Summ 3 (100) 30% 2 18-58 Conjure Flame Fire 6 (100) 30% 3 58-118 Mephitic Cloud Pois/Air       3 (100)      52%         3    58-118


Dungeon Overview and Level Annotations

Branches:
Dungeon (2/8)

Altars:

Annotations:
D:1 Ijyb


Innate Abilities, Weirdness & Mutations

Your plain brown scales are resilient. (AC +7)
You can breathe rudimentary magical darts.
You are cold resistant. (rC+)
You cannot wear any armour on your peculiar form.
You are cold-blooded and are slowed more easily by cold attacks.
Your scales resist being cut, but it's oddly easy to stick a small blade between them. (rSlashing+, rPiercing-)


Message History

* * * LOW HITPOINT WARNING * * *
Unknown command.
You bump into the metal wall.
The sewer rat barely misses you. x2
You bump into the metal wall.
Ijyb closely misses you. The sewer rat barely misses you. x2
You bump into the metal wall.
Ijyb hits you but does no damage. The sewer rat closely misses you.
The sewer rat bites you (2).
You are perforated ruthlessly!
* * * LOW HITPOINT WARNING * * *
You hit the sewer rat (5).
It is struck brutally!
You hit the sewer rat (3).
It is struck brutally!
The sewer rat is almost dead. (2/10) HP You feel less confused.
The sewer rat bites you (3).
You are perforated ruthlessly!
* * * LOW HITPOINT WARNING * * *
Ijyb zaps a wand.
Your will is overpowered!
You are confused.
You bump into the metal wall.
The sewer rat bites you (3).
You are perforated ruthlessly!
You die...

#.......# #..........
#.......#####..........
#................).....
######.######....÷.....
#.# #....##.... #.#
####....###### #r#
#.......#
#r###.......###
#@gl........÷.##
#r###.....###))# # #.#
#?....# ##÷# # #.#
####### #÷# # #.#######
#.### #.......# ###..##
#######.# #......
#.####.##.#.
#.#....##.#.


You could see Ijyb, a cinder newt and 3 sewer rats.

Vanquished Creatures
  Purgy (D:1)
  A water moccasin (D:2)
  5 giant cockroaches (D:1)
  3 sewer rats
  A cinder newt (D:1)
  A dart slug (D:1)
  6 leopard geckos (D:1)
  5 bats (D:1)
  4 hobgoblins (D:1)
  6 kobolds (D:1)
  A bat skeleton (D:2)
  2 goblins (D:1)
  2 rats (D:1)
38 creatures vanquished.

Vanquished Creatures (others)
  A withered plant (D:2)
1 creature vanquished.

Grand Total: 39 creatures vanquished

Notes
Turn   | Place    | Note
-------+----------+-------------------------------------------
     0 | D:1      | Angani the Immature Draconian Demonspawn began the quest
                  | for the Orb.
     0 | D:1      | Reached XP level 1. HP: 29/29 MP: 3/3
   123 | D:1      | Gained mutation: You are cold resistant. (rC+) [demonic
                  | ancestry]
   123 | D:1      | Reached XP level 2. HP: 35/39 MP: 5/5
   213 | D:1      | Reached XP level 3. HP: 45/49 MP: 7/7
   340 | D:1      | Reached XP level 4. HP: 25/59 MP: 9/9
  1037 | D:2      | Noticed Purgy
  1037 | D:2      | Noticed Ijyb
  1037 | D:2      | Noticed a water moccasin
  1052 | D:1      | Killed Purgy
  1052 | D:1      | Reached XP level 5. HP: 39/69 MP: 9/11
  1063 | D:2      | Killed a water moccasin
  1063 | D:2      | Reached skill level 5 in Fighting
  1063 | D:2      | Reached skill level 5 in Spellcasting
  1063 | D:2      | Reached XP level 6. HP: 6/79 MP: 10/13
  1072 | D:1      | HP: 2/79 [sewer rat (3)]
  1073 | D:1      | Slain by a sewer rat

Illustrated notes

Levels and vault maps discovered:
D:1:      scummos_arrival_gate, layout_basic, minmay_pentomino_s2,
          gup_sewer_entry_pipe
D:2:      layout_sewer, elyvilon_niche, serial_rivers,
          chequers_serial_rivers_micro_e, chequers_serial_rivers_micro_a,
          chequers_serial_rivers_small_a, chequers_serial_rivers_small_a,
          kennysheep_generic_room_7, uniq_purgy, uniq_duvessa, uniq_ijyb,
          uniq_pikel

Skill      XL: |  1  2  3  4  5 |
---------------+----------------+-----
Fighting       | 2 3 4 5 |  5.1
Spellcasting   | 2 3 4 5 |  5.2
Dodging        | |  2.4
Stealth        | |  1.3
Unarmed Combat | |  1.7
Fire Magic     | |  1.5
Invocations    | |  3.0

Action                   |  1- 3 |  4- 6 || total
-------------------------+-------+-------++-------
Melee: Unarmed           |    95 |    84 ||   179
       Peck              |    11 |     8 ||    19
  Use: Potion            |       |     4 ||     4
 Stab: Sleeping          |     1 |       ||     1
       Invisible         |       |     4 ||     4
  Eat: Chunk             |       |     1 ||     1
Armor: Skin              |    12 |    24 ||    36
Dodge: Dodged            |    13 |    37 ||    50
